 Dungeon Crawl Stone Soup version 0.24.0-7-gb3623d2c88 (webtiles) character file.

Game seed: 6111606492275285720, levelgen mode: deterministic

1616550 GordonOverkill the Phalangite (level 27, 222/222 HPs)
             Began as a Gnoll Wanderer on Nov 2, 2019.
             Was a High Priest of Okawaru.
             Escaped with the Orb
             ... and 3 runes!
             The game lasted 03:49:53 (77407 turns).

GordonOverkill the Phalangite (Gnoll Wanderer)     Turns: 77407, Time: 03:49:54

Health: 222/222    AC: 45    Str: 31    XL:     27
Magic:  40/40      EV: 22    Int: 19    God:    Okawaru [*****.]
Gold:   3124       SH: 31    Dex: 19    Spells: 41/62 levels left

rFire    + + +     SeeInvis .   x - +8 demon trident "Ysijipt" {venom, rF+ rC- Int+5}
rCold    + . .     Gourm    +   o - +5 large shield "Tylonio" {rN+}
rNeg     + . .     Faith    .   y - +2 gold dragon scales
rPois    +         Spirit   .   t - +2 hat "Worinnuank" {-Cast +Fly rPois MR+}
rElec    +         Reflect  .   C - +2 cloak {+Inv}
rCorr    .         Harm     .   i - +2 pair of gloves {Str+3}
MR       ++++.     NoCast   +   D - +2 pair of boots {run}
Stlth    +.........             r - amulet of the Thoughtful Ghosts {Gourm rC++}
HPRegen  0.47/turn              F - ring of Vinoon {Fire rElec Str+2 Stlth+}
MPRegen  0.27/turn              d - +5 ring of protection

@: heroism, studying Short Blades, quick
A: distributed training, fangs 1, horns 2, clumsy 1, low mp 1, magic resistance
1, strong 2, evolution 1, MP-powered wands, strong nose
0: Orb of Zot
}: 3/15 runes: serpentine, barnacled, silver
a: Heroism, Finesse, Renounce Religion, Evoke Invisibility, Evoke Flight


You escaped.
You worshipped Okawaru.
Okawaru was extremely pleased with you.
You were full.

You visited 10 branches of the dungeon, and saw 50 of its levels.
You also visited: Ossuary, Gauntlet and Ice Cave.

You collected 6681 gold pieces.
You spent 3557 gold pieces at shops.

Inventory:

Hand Weapons
 a - the +6 double sword of Fuexuis {flame, rElec MR++ Str-2 Stlth+}
   (You acquired it on level 1 of the Lair of Beasts)

   It has been specially enchanted to burn those struck by it, causing extra
   injury to most foes and up to half again as much damage against particularly
   susceptible opponents.
   Big, fiery blades are also staple armaments of hydra-hunters.
   It affects your strength (-2).
   It insulates you from electricity.
   It affects your resistance to hostile enchantments.
   It makes you more stealthy.
 b - the +11 trident of Abuse {freeze, +Inv}
   (Okawaru gifted it to you on level 6 of the Lair of Beasts)

   It has been specially enchanted to freeze those struck by it, causing extra
   injury to most foes and up to half again as much damage against particularly
   susceptible opponents.
   It can also slow down cold-blooded creatures.
   It lets you turn invisible.
 w - a +8 demon whip of freezing
 x - the +8 demon trident "Ysijipt" (weapon) {venom, rF+ rC- Int+5}
   (Okawaru gifted it to you on level 5 of the Realm of Zot)

   It poisons the flesh of those it strikes.
   It affects your intelligence (+5).
   It protects you from fire.
   It makes you vulnerable to cold.
Missiles
 z - 95 boomerangs (quivered)
 I - 9 throwing nets
Armour
 i - a +2 pair of gloves of strength (worn)
 o - the +5 large shield "Tylonio" (worn) {rN+}
   (You acquired it on level 2 of the Elven Halls)

   It protects you from negative energy.
 s - a +2 pair of boots of flying
 t - the +2 hat "Worinnuank" (worn) {-Cast +Fly rPois MR+}
   (You found it in a Gauntlet)

   It protects you from poison.
   It affects your resistance to hostile enchantments.
   It lets you fly.
   It prevents spellcasting.
 y - +2 gold dragon scales (worn)
 C - a +2 cloak of invisibility (worn)
 D - a +2 pair of boots of running (worn)
Jewellery
 d - a +5 ring of protection (right hand)
 r - the amulet of the Thoughtful Ghosts (around neck) {Gourm rC++}
   (You found it on level 1 of the Lair of Beasts)

   [amulet of the gourmand]

   It allows you to eat raw meat even when not hungry.
   It greatly protects you from cold.
 E - an uncursed ring of see invisible
 F - the ring of Vinoon (left hand) {Fire rElec Str+2 Stlth+}
   (You bought it in a shop on level 3 of the Snake Pit)

   [ring of fire]

   It enhances your fire magic.
   It affects your strength (+2).
   It protects you from fire.
   It makes you vulnerable to cold.
   It insulates you from electricity.
   It makes you more stealthy.
 N - the ring "Bahysaj" {-Tele rN+ MR+ Str+3 Dex+7}
   (You found it in a Gauntlet)

   [ring of strength]

   It affects your strength (+3).
   It affects your dexterity (+7).
   It protects you from negative energy.
   It affects your resistance to hostile enchantments.
   It prevents most forms of teleportation.
Wands
 m - a wand of digging (4)
 B - a wand of acid (19)
 M - a wand of disintegration (16)
 Z - a wand of clouds (11)
Scrolls
 c - 26 scrolls of remove curse
 f - 5 scrolls of magic mapping
 g - 8 scrolls of immolation
 j - 4 scrolls of identify
 n - 10 scrolls of blinking
 p - 19 scrolls of teleportation
 A - 7 scrolls of fear
 H - 6 scrolls of fog
 J - 8 scrolls of silence
 Q - a scroll of summoning
Potions
 h - 3 potions of magic
 k - a potion of flight
 l - 4 potions of berserk rage
 q - 4 potions of haste
 u - 8 potions of mutation
 v - 2 potions of agility
 L - 7 potions of lignification
 O - 10 potions of curing
 S - 9 potions of heal wounds
 V - 2 potions of ambrosia
 W - 2 potions of brilliance
 Y - a potion of invisibility
Books
 X - a manual of Short Blades
Miscellaneous
 T - a phantom mirror
 U - a lamp of fire
Comestibles
 e - 113 rations


   Skills:
 + Level 19.3(24.3) Fighting
 + Level 20.9(25.9) Short Blades
 + Level 18.0(23.0) Long Blades
 + Level 18.0(23.0) Axes
 + Level 18.0(23.0) Maces & Flails
 + Level 23.4(27) Polearms
 + Level 18.0(23.0) Staves
 + Level 18.0(23.0) Slings
 + Level 18.0(23.0) Bows
 + Level 18.0(23.0) Crossbows
 + Level 18.0(23.0) Throwing
 + Level 18.0(23.0) Armour
 + Level 18.0(23.0) Dodging
 + Level 18.1(23.1) Stealth
 + Level 18.1(23.1) Shields
 + Level 18.1(23.1) Unarmed Combat
 + Level 18.0 Spellcasting
 + Level 15.5 Conjurations
 + Level 15.5 Hexes
 + Level 15.5 Charms
 + Level 15.5 Summonings
 + Level 15.9 Necromancy
 + Level 15.6 Translocations
 + Level 15.5 Transmutations
 + Level 15.5 Fire Magic
 + Level 15.5 Ice Magic
 + Level 15.5 Air Magic
 + Level 15.5 Earth Magic
 + Level 15.5 Poison Magic
 + Level 19.3 Invocations
 + Level 18.0 Evocations


You had 41 spell levels left.
You knew the following spells:

 Your Spells              Type           Power        Failure   Level  Hunger
a - Apportation           Tloc           ######       1%          1    None
b - Passwall              Tmut/Erth      ######..     1%          2    None
c - Swiftness             Chrm/Air       ######..     1%          2    None
d - Blink                 Tloc           N/A          1%          2    None
e - Animate Dead          Necr           N/A          1%          4    None
f - Borgnjor's Vile Clut  Necr/Erth      ######....   1%          5    ##.....
g - Dispel Undead         Necr           ######..     1%          5    ##.....

Your spell library contained the following spells:

 Spells                   Type           Power        Failure   Level  Hunger
 Animate Skeleton         Necr           N/A          1%          1    None
 Beastly Appendage        Tmut           ######       1%          1    None
 Confusing Touch          Hex            ######       1%          1    None
 Corona                   Hex            ######.      1%          1    None
 Flame Tongue             Conj/Fire      #####        1%          1    None
 Infusion                 Chrm           ####         1%          1    None
 Magic Dart               Conj           ####         1%          1    None
 Sandblast                Erth           ######       1%          1    None
 Shock                    Conj/Air       ####         1%          1    None
 Summon Butterflies       Summ           ######..     1%          1    None
 Summon Small Mammal      Summ           ####         1%          1    None
 Call Imp                 Summ           ######..     1%          2    None
 Corpse Rot               Necr           N/A          1%          2    None
 Ensorcelled Hibernation  Hex/Ice        ######       1%          2    None
 Poisonous Vapours        Pois/Air       ######       1%          2    None
 Searing Ray              Conj           ######       1%          2    None
 Shroud of Golubria       Chrm/Tloc      ######       1%          2    None
 Slow                     Hex            ######..     1%          2    None
 Song of Slaying          Chrm           ######..     1%          2    None
 Sticks to Snakes         Tmut           ######..     1%          2    None
 Sublimation of Blood     Necr           ######....   1%          2    None
 Throw Flame              Conj/Fire      ######       1%          2    None
 Call Canine Familiar     Summ           ######..     1%          3    None
 Confuse                  Hex            ######..     1%          3    None
 Conjure Flame            Conj/Fire      #######.     1%          3    None
 Dazzling Spray           Conj/Hex       ######       1%          3    None
 Gell's Gravitas          Tloc           ######....   1%          3    None
 Ignite Poison            Fire/Tmut/Pois #######.     1%          3    None
 Inner Flame              Hex/Fire       #######.     1%          3    None
 Lesser Beckoning         Tloc           ######....   1%          3    None
 Portal Projectile        Hex/Tloc       ######       1%          3    None
 Recall                   Summ/Tloc      N/A          1%          3    None
 Regeneration             Chrm/Necr      ######....   1%          3    None
 Spectral Weapon          Hex/Chrm       ######..     1%          3    None
 Spider Form              Tmut/Pois      ######....   1%          3    None
 Static Discharge         Conj/Air       ######..     1%          3    None
 Stone Arrow              Conj/Erth      ######       1%          3    None
 Summon Guardian Golem    Hex/Summ       ######..     1%          3    None
 Teleport Other           Tloc           ######..     1%          3    None
 Tukima's Dance           Hex            ######..     1%          3    None
 Airstrike                Air            ######....   1%          4    None
 Cause Fear               Hex            ######....   1%          4    None
 Force Lance              Conj/Tloc      ######..     1%          4    None
 Fulminant Prism          Conj/Hex       ######....   1%          4    None
 Ice Form                 Ice/Tmut       ######..     1%          4    None
 Iskenderun's Mystic Bla  Conj           ######..     1%          4    None
 Leda's Liquefaction      Hex/Erth       ######....   1%          4    None
 Petrify                  Tmut/Erth      ######..     1%          4    None
 Sticky Flame             Conj/Fire      #######.     1%          4    None
 Summon Ice Beast         Ice/Summ       ######..     1%          4    None
 Summon Lightning Spire   Summ/Air       ######..     1%          4    None
 Throw Icicle             Conj/Ice       ######..     1%          4    None
 Agony                    Necr           ######..     1%          5    ##.....
 Alistair's Intoxication  Tmut/Pois      ######..     1%          5    ##.....
 Blade Hands              Tmut           ######....   1%          5    ##.....
 Bolt of Draining         Conj/Necr      ######....   1%          5    ##.....
 Bolt of Magma            Conj/Fire/Erth #######...   1%          5    ##.....
 Excruciating Wounds      Chrm/Necr      ######....   1%          5    ##.....
 Fireball                 Conj/Fire      #######...   1%          5    ##.....
 Irradiate                Conj/Tmut      ######....   1%          5    ##.....
 Iskenderun's Battlesphe  Conj/Chrm      ######..     1%          5    ##.....
 Lee's Rapid Deconstruct  Erth           ######....   1%          5    ##.....
 Lightning Bolt           Conj/Air       ######....   1%          5    ##.....
 Metabolic Englaciation   Hex/Ice        ######....   1%          5    ##.....
 Silence                  Hex/Air        ######....   1%          5    ##.....
 Summon Mana Viper        Hex/Summ       ######..     1%          5    ##.....
 Venom Bolt               Conj/Pois      ######....   1%          5    ##.....
 Yara's Violent Unravell  Hex/Tmut       ######....   1%          5    ##.....
 Death Channel            Necr           ######....   7%          6    #####..
 Dispersal                Tloc           ######....   7%          6    #####..
 Simulacrum               Ice/Necr       ######....   7%          6    #####..
 Conjure Ball Lightning   Conj/Air       ######....   8%          6    #####..
 Deflect Missiles         Chrm/Air       ######....   8%          6    #####..
 Hydra Form               Tmut           ######....   8%          6    #####..
 Invisibility             Hex            ######..     8%          6    #####..
 Iron Shot                Conj/Erth      ######....   8%          6    #####..
 Statue Form              Tmut/Erth      ######...    8%          6    #####..
 Haunt                    Necr/Summ      ######....   36%         7    ######.
 Dragon Form              Tmut           ######....   38%         7    ######.
 Malign Gateway           Summ/Tloc      ######....   38%         7    ######.
 Monstrous Menagerie      Summ           ######....   38%         7    ######.
 Orb of Destruction       Conj           ######....   38%         7    ######.
 Spellforged Servitor     Conj/Summ      ######....   38%         7    ######.
 Summon Greater Demon     Summ           ######....   38%         7    ######.
 Summon Hydra             Summ           ######....   38%         7    ######.
 Borgnjor's Revivificati  Necr           ######....   96%         8    #######
 Infestation              Necr           ######....   96%         8    #######
 Controlled Blink         Tloc           N/A          97%         8    #######
 Death's Door             Chrm/Necr      ######....   97%         8    #######
 Disjunction              Tloc           ######....   97%         8    #######
 Necromutation            Tmut/Necr      ######....   97%         8    #######
 Summon Horrible Things   Summ           ######....   97%         8    #######
 Tornado                  Air            ######....   100%        9    #######
 Passage of Golubria      Tloc           Unusable     N/A         4    N/A

Dungeon Overview and Level Annotations

Branches:
Dungeon (15/15)            Temple (1/1) D:5            Lair (6/6) D:8
 Shoals (4/4) Lair:4        Snake (4/4) Lair:4        Slime (0/5) Lair:6
    Orc (2/2) D:12            Elf (3/3) Orc:2        Vaults (5/5) D:14
  Crypt (0/3) Vaults:3     Depths (5/5) D:15            Zot (5/5) Depths:5
Ossuary (visited)           IceCv (visited)         Gauntlet (visited)

Altars:
Ashenzari
Cheibriados
Dithmenos
Elyvilon
Fedhas
Gozag
Hepliaklqana
Kikubaaqudgha
Makhleb
Nemelex Xobeh
Okawaru
Qazlal
Ru
Sif Muna
Trog
Uskayaw
Vehumet
Wu Jian
Xom
Yredelemnul
Zin
The Shining One

Shops:
Orc:2 (}=   Elf:1 !   Elf:2 (   Snake:3 }}=   Vaults:3 [   Zot:4 *
Depths:1 ((   Depths:2 [

Portals:
Hell: Depths:1 Depths:2 Depths:3 Depths:4 Depths:5
Abyss: Depths:1 Depths:2 Depths:3 Depths:4 Depths:5
Pandemonium: Depths:3
Ziggurat: Depths:1
Trove: Depths:2 (give +4 demon trident)

Annotations:
D:2 exclusion: adder
D:6 2 transporters, Quickbrownfox's ghost, novice MfSu
Shoals:4 2 runed translucent doors
Depths:3 1 runed translucent door, Polaczum's ghost, adept TrMo
Zot:4 3 runed translucent doors, exclusion: obsidian statue, Decrayps's ghost, veteran FeEn


Innate Abilities, Weirdness & Mutations

Your experience applies equally to all skills.
You have very sharp teeth.
Your uncanny sense of smell can sniff out nearby items.
You have a pair of horns on your head.
You are clumsy. (Dex -2)
Your magical capacity is low. (-10% MP)
You are resistant to hostile enchantments. (MR+)
Your muscles are very strong. (Str +4)
You evolve.
You expend magic power (3 MP) to strengthen your wands.


Message History

(D) Dungeon (T) Temple (L) Lair (A) Shoals (P) Snake Pit (M) Slime Pits (O) Orcish Mines (E) Elven Halls (V) Vaults (C) Crypt (U) Depths (H) Hell (Z) Zot
Where to? (Enter - D:1 @ (x,y), ? - help)
There is a stone staircase leading up here.
You climb upwards.
There is a stone staircase leading down here.
There is a stone staircase leading up here.
You climb upwards.
Level annotation: exclusion: adder
There is a stone staircase leading down here.
Your hands slow down.
There is a stone staircase leading up here.
You climb upwards.
You feel a little less mighty now.
There is a stone staircase leading down here.
Unknown command.
There is a staircase leading out of the dungeon here.
You have escaped!

##.####..###..# #...# #.#
##.####..#....# #...#######.#
##............# ### #.........#.#
.......รท##.#..#
#>###....####.#.# ..............#
#.#...........#.# ..............#
#^######.........
........##.#.######### #......##.
........#....##......# #.####.##.
..............#.@....###......##.
#######.#....##......[)..........
#######.##.#.##......####........
.............##.....## ##........
#..############....## #.........
...# #.....## ##........ #.##
#......####........ #.#
#..##...##......... #.#
##.###...#####.####


There were no monsters in sight!

Vanquished Creatures
  10 orbs of fire
  3 ancient liches (Zot:5)
  A pandemonium lord (D:7)
  6 Killer Klowns
  Vashnia (Snake:3)
  A caustic shrike (Depths:2)
  The ghost of theMacoje the Slayer, an adept OgEn of Okawaru (Vaults:2)
  A bone dragon (Depths:5)
  the Enchantress (Depths:4)
  14 golden dragons
  6 electric golems
  11 tentacled monstrosities
  26 Orb Guardians
  2 deep elf master archers (Elf:3)
  10 quicksilver dragons
  2 titans
  3 deep elf blademasters
  A kraken (Shoals:3)
  9 death cobs
  4 sphinxes
  Frances (Snake:2)
  Agnes (Snake:3)
  3 tengu reavers
  2 draconian monks
  An Executioner (D:13)
  Kirke (D:12)
  12 shadow dragons
  Donald (Orc:2)
  12 storm dragons
  9 nagarajas
  An azure jelly (shapeshifter) (Depths:4)
  9 fire giants
  16 vault wardens
  3 frost giants
  4 deep elf sorcerers (Elf:3)
  3 ghost moths
  6 draconian knights
  Aizul (Snake:1)
  5 draconian scorchers
  4 draconian shifters
  3 deep elf elementalists
  9 spriggan defenders
  A draconian stormcaller (Zot:1)
  4 draconian annihilators
  14 very ugly things
  10 stone giants
  15 ironheart preservers
  2 war gargoyles (Depths:4)
  7 green draconians
  2 vampire knights (Depths:3)
  An entropy weaver (Vaults:3)
  3 black draconians
  3 purple draconians
  The ghost of Uvvog the Reanimator, a journeyman GnNe of Gozag (D:12)
  9 deep elf demonologists
  5 deep elf annihilators
  6 white draconians
  9 red draconians
  7 yellow draconians
  Azrael (D:14)
  An eidolon (Vaults:3)
  3 spark wasps
  A minotaur (Gauntlet)
  Snorg (D:12)
  3 blizzard demons
  14 deep elf death magi
  9 merfolk javelineers
  10 ettins
  5 fire dragons
  Josephine (D:10)
  10 crystal guardians
  5 deep elf high priests
  3 merfolk impalers (Shoals:4)
  Fannar (Lair:3)
  16 yaktaur captains
  9 ice dragons
  6 great orbs of eyes
  12 naga warriors
  Erolcha (D:10)
  40 vault guards
  Harold (D:11)
  5 spriggan air magi
  3 rakshasas
  12 centaur warriors
  3 merfolk avatars
  A catoblepas (Lair:6)
  A hell beast (D:8)
  2 death knights
  3 merfolk aquamancers
  2 satyrs (Shoals:3)
  4 hydras
  13 anacondas
  2 alligator snapping turtles (Shoals:4)
  44 dancing weapons
  57 two-headed ogres
  5 deep troll shamans
  Erica (D:8)
  19 ogre magi
  9 death yaks
  8 tengu warriors
  9 deep troll earth magi
  21 naga sharpshooters
  Urug (D:10)
  4 shock serpents
  2 large abominations
  A fire crab (shapeshifter) (Vaults:2)
  A soul eater (Vaults:3)
  4 orc high priests (Orc:2)
  5 spriggan berserkers
  Sonja (Orc:2)
  22 deep elf knights
  A vampire mage (Depths:3)
  2 salamander mystics
  A hell knight (Depths:2)
  3 skeletal warriors (D:11)
  A cherub (Zot:3)
  An iron troll (Depths:1)
  12 deep trolls
  A deep troll (shapeshifter) (Vaults:1)
  8 wizards
  2 unseen horrors
  8 glowing orange brains
  A sea snake (shapeshifter) (Depths:4)
  15 sea snakes
  10 deep elf archers
  An unseen horror (shapeshifter) (Vaults:1)
  3 phantasmal warriors
  7 naga ritualists
  4 flayed ghosts
  A lindwurm (Lair:6)
  5 obsidian statues
  An orange crystal statue (Zot:2)
  27 harpies
  23 ironbrand convokers
  2 harpies (shapeshifter)
  10 mana vipers
  A necromancer (Vaults:3)
  19 orc knights
  A salamander (shapeshifter) (Depths:4)
  53 deep elf magi
  38 ugly things
  7 fauns
  8 orc sorcerers
  11 manticores
  A faun (shapeshifter) (Depths:2)
  An oklob plant (Zot:2)
  8 salamanders
  4 wolf spiders
  9 cyclopes
  5 elephants
  35 black mambas
  29 moths of wrath
  A water nymph (shapeshifter) (Vaults:5)
  8 merfolk sirens
  10 vault sentinels
  A torpor snail (shapeshifter) (Vaults:5)
  The ghost of Thantalas the Shield-Bearer, a novice GnFi of Cheibriados (D:3)
  A guardian serpent (Snake:4)
  11 naga magi
  9 water nymphs
  A spiny frog (shapeshifter) (Vaults:3)
  An apocalypse crab (Gauntlet)
  A smoke demon (D:11)
  A black mamba (shapeshifter) (Vaults:2)
  29 spiny frogs
  5 gargoyles
  A hellwing (Zot:3)
  3 rime drakes
  31 yaktaurs
  8 freezing wraiths
  11 komodo dragons
  4 tengu conjurers
  17 polar bears
  A wind drake (shapeshifter) (Depths:3)
  43 merfolk
  8 trolls
  A troll (shapeshifter) (Depths:4)
  3 meliai (D:13)
  4 jumping spiders (shapeshifter)
  A polar bear (shapeshifter) (D:15)
  A queen bee (shapeshifter) (Depths:2)
  10 hornets
  5 wind drakes
  18 slime creatures
  26 blink frogs
  A hippogriff (shapeshifter) (Vaults:2)
  4 tyrant leeches (Lair:6)
  A dream sheep (shapeshifter) (Vaults:5)
  16 hippogriffs
  11 dream sheep
  9 snapping turtles
  3 air elementals (Depths:4)
  2 wyverns
  2 ynoxinuls
  10 hogs
  12 wraiths
  A yak (shapeshifter) (Depths:4)
  3 redbacks (Vaults:3)
  5 spriggans
  21 water elementals
  A tarantella (shapeshifter) (Depths:4)
  17 fire elementals
  A vampire (D:14)
  A human (D:7)
  A hungry ghost (D:9)
  60 yaks
  3 human simulacra
  4 basilisks
  4 wargs
  10 vampire mosquitoes
  65 nagas
  3 insubstantial wisps (Depths:4)
  A soldier ant (shapeshifter) (Depths:4)
  3 acid dragons
  12 water moccasins
  A soldier ant (D:12)
  3 hell hounds (D:14)
  6 porcupines
  A floating eye (Depths:2)
  34 orc warriors
  2 sky beasts
  A floating eye (shapeshifter) (Elf:2)
  2 ice beasts
  2 hornet zombies
  An eye of draining (D:10)
  A black bear (D:10)
  A necrophage (D:6)
  2 phantoms
  A black bear (shapeshifter) (Depths:4)
  A tengu (shapeshifter) (Depths:4)
  16 wolves
  10 boggarts
  53 ogres
  19 centaurs
  12 crocodiles
  3 big kobolds
  9 earth elementals
  23 bullfrogs
  A gnoll sergeant (D:11)
  6 scorpions
  A wyvern skeleton (D:14)
  15 killer bees
  10 wights
  6 howler monkeys
  2 electric eels
  3 centaur zombies
  7 crimson imps
  3 quasits
  Crazy Yiuf (D:2)
  3 bullfrog zombies
  5 hounds
  10 jellies
  20 orc priests
  2 bullfrog skeletons
  A gnoll shaman (Orc:1)
  7 centaur skeletons
  Terence (D:2)
  Natasha (thrice) (D:3)
  4 iguanas
  17 orc wizards
  3 lightning spires (Zot:2)
  9 worker ants
  A hound zombie (D:10)
  A hound skeleton (D:9)
  A worker ant zombie (D:10)
  Robin (D:2)
  3 mummies (Ossuary)
  A howler monkey skeleton (D:10)
  18 adders
  19 gnolls
  A river rat (shapeshifter) (Depths:4)
  5 shadow imps
  13 white imps
  A worm zombie (D:4)
  An adder skeleton (D:5)
  3 adder zombies (Ossuary)
  A ball lightning (Depths:4)
  2 leopard geckos
  55 orcs
  A ball python (D:8)
  3 giant cockroaches
  15 goblins
  12 hobgoblins
  11 jackals
  4 quokkas
  9 bats
  5 frilled lizards
  5 goblin zombies (Ossuary)
  2 hobgoblin zombies (Ossuary)
  2 jackal skeletons
  22 kobolds
  5 kobold zombies (Ossuary)
  2 leopard gecko zombies
  A quokka zombie (Ossuary)
  3 rats
  2 rat zombies (Ossuary)
  A butterfly (Lair:1)
  5 crawling corpses
  A fungus (D:2)
  A tentacle (Shoals:3)
2263 creatures vanquished.

Vanquished Creatures (others)
  2 draconian knights
  A war gargoyle (Depths:4)
  An unseen horror (Vaults:1)
  A hornet (Depths:5)
  3 water elementals (Depths:4)
  A human (D:12)
  An insubstantial wisp (Depths:4)
  A wolf (IceCv)
  2 ogres
  An orc priest (D:12)
  10 ball lightnings (Depths:4)
  An orc (D:12)
  A crawling corpse (Vaults:5)
  26 fungi
  54 plants
  6 tentacles (Shoals:3)
  3 withered plants (Gauntlet)
115 creatures vanquished.

Grand Total: 2378 creatures vanquished

Notes
Turn   | Place    | Note
-------+----------+-------------------------------------------
     0 | D:1      | GordonOverkill the Gnoll Wanderer began the quest for the
                  | Orb.
     0 | D:1      | GordonOverkill set off with the following items: a +0
                  | dagger, a +0 buckler, a +0 robe, a ration, 2 potions of
                  | heal wounds; and the following spells available to
                  | memorise: Poisonous Vapours, Swiftness
     0 | D:1      | Reached XP level 1. HP: 26/26 MP: 1/1
   256 | D:1      | Reached XP level 2. HP: 19/33 MP: 2/2
   881 | D:1      | Reached XP level 3. HP: 37/38 MP: 3/3
  1405 | D:2      | Found a runed translucent door.
  1406 | D:2      | Noticed Crazy Yiuf
  1636 | D:2      | Noticed Robin
  1861 | D:2      | Noticed Terence
  1878 | D:2      | Killed Terence
  1878 | D:2      | Reached skill level 1 in Short Blades
  1878 | D:2      | Reached skill level 1 in Long Blades
  1878 | D:2      | Reached skill level 1 in Axes
  1878 | D:2      | Reached skill level 1 in Maces & Flails
  1878 | D:2      | Reached skill level 1 in Polearms
  1878 | D:2      | Reached skill level 1 in Staves
  1878 | D:2      | Reached skill level 1 in Slings
  1878 | D:2      | Reached skill level 1 in Bows
  1878 | D:2      | Reached skill level 1 in Crossbows
  1878 | D:2      | Reached skill level 1 in Throwing
  1878 | D:2      | Reached skill level 1 in Armour
  1878 | D:2      | Reached skill level 1 in Dodging
  1878 | D:2      | Reached skill level 1 in Spellcasting
  1878 | D:2      | Reached skill level 1 in Invocations
  1878 | D:2      | Reached skill level 1 in Evocations
  1878 | D:2      | Reached XP level 4. HP: 42/45 MP: 5/5
  2076 | D:2      | Killed Robin
  2692 | D:3      | Reached skill level 1 in Conjurations
  2692 | D:3      | Reached skill level 1 in Hexes
  2692 | D:3      | Reached skill level 1 in Charms
  2692 | D:3      | Reached skill level 1 in Summonings
  2692 | D:3      | Reached skill level 1 in Transmutations
  2692 | D:3      | Reached skill level 1 in Fire Magic
  2692 | D:3      | Reached skill level 1 in Ice Magic
  2692 | D:3      | Reached skill level 1 in Air Magic
  2692 | D:3      | Reached skill level 1 in Earth Magic
  2692 | D:3      | Reached skill level 1 in Poison Magic
  2698 | D:3      | Found a burning altar of Makhleb.
  3085 | D:3      | Noticed Natasha
  3208 | D:3      | Found a runed translucent door.
  3214 | D:3      | Noticed Thantalas's ghost (novice GnFi)
  3294 | D:3      | Noticed an ogre
  3298 | D:3      | Killed an ogre
  3298 | D:3      | Reached XP level 5. HP: 51/51 MP: 5/7
  3477 | D:3      | Killed Natasha
  3646 | D:3      | Found a burning altar of Makhleb.
  3737 | D:3      | Noticed Natasha
  3752 | D:3      | Killed Natasha
  3752 | D:3      | Reached XP level 6. HP: 57/57 MP: 8/8
  3941 | D:3      | Found a runed translucent door.
  4181 | D:3      | Noticed Natasha
  4222 | D:3      | Killed Natasha
  4278 | D:3      | Found a burning altar of Makhleb.
  4531 | D:3      | Found a runed translucent door.
  4664 | D:3      | Reached skill level 2 in Polearms
  4732 | D:4      | Found a sand-covered staircase.
  4763 | Ossuary  | Entered an ossuary
  5267 | D:4      | Reached XP level 7. HP: 62/63 MP: 10/10
  5874 | D:5      | Entered Level 5 of the Dungeon
  5874 | D:5      | Found an ornate altar of the Wu Jian Council.
  5874 | D:5      | Found a shimmering altar of Xom.
  6808 | D:5      | Reached XP level 8. HP: 71/71 MP: 12/12
  6899 | D:5      | Reached skill level 3 in Polearms
  7102 | D:5      | Found a white marble altar of Elyvilon.
  7172 | D:5      | Found a staircase to the Ecumenical Temple.
  7179 | Temple   | Entered the Ecumenical Temple
  7293 | Temple   | Became a worshipper of Warmaster Okawaru
  7784 | D:2      | Killed Crazy Yiuf
  8060 | D:5      | Gained mutation: You are partially covered in slimy green
                  | scales. (AC +2) [potion of mutation]
  8060 | D:5      | Gained mutation: You have large cloven feet. [potion of
                  | mutation]
  8060 | D:5      | Gained mutation: Your mind is acute. (Int +2) [potion of
                  | mutation]
  8359 | D:6      | Reached * piety under Okawaru
  8359 | D:6      | Reached XP level 9. HP: 76/76 MP: 14/14
  8469 | D:6      | Reached skill level 5 in Necromancy
  8536 | D:6      | Found a transporter.
  8580 | D:6      | Found a transporter.
  8580 | D:6      | Noticed Quickbrownfox's ghost (novice MfSu)
  9064 | D:6      | Reached skill level 4 in Polearms
  9576 | D:6      | Reached skill level 5 in Shields
  9576 | D:6      | Reached skill level 5 in Unarmed Combat
  9731 | D:7      | Reached ** piety under Okawaru
  9760 | D:7      | Reached skill level 5 in Stealth
  9992 | D:7      | You fall into a shaft and drop 3 floors!
  9992 | D:10     | Entered Level 10 of the Dungeon
 10153 | D:10     | Reached skill level 5 in Invocations
 10287 | D:9      | Reached XP level 10. HP: 84/84 MP: 17/17
 10813 | D:7      | Found a stormy altar of Qazlal.
 10938 | D:7      | Reached skill level 5 in Short Blades
 10938 | D:7      | Reached skill level 5 in Long Blades
 10938 | D:7      | Reached skill level 5 in Axes
 10938 | D:7      | Reached skill level 5 in Maces & Flails
 10938 | D:7      | Reached skill level 5 in Polearms
 10938 | D:7      | Reached skill level 5 in Staves
 10938 | D:7      | Reached skill level 5 in Slings
 10938 | D:7      | Reached skill level 5 in Bows
 10938 | D:7      | Reached skill level 5 in Crossbows
 10938 | D:7      | Reached skill level 5 in Throwing
 10938 | D:7      | Reached skill level 5 in Armour
 10938 | D:7      | Reached skill level 5 in Dodging
 10938 | D:7      | Reached skill level 5 in Spellcasting
 10938 | D:7      | Reached skill level 5 in Evocations
 10994 | D:7      | Reached *** piety under Okawaru
 11006 | D:7      | Reached skill level 10 in Fighting
 11214 | D:8      | Found a staircase to the Lair.
 11544 | D:8      | Found a sparkling altar of Nemelex Xobeh.
 11545 | D:8      | Noticed Erica
 11612 | D:8      | Killed Erica
 11612 | D:8      | Reached skill level 5 in Translocations
 12158 | D:9      | Reached skill level 6 in Polearms
 12481 | D:10     | Noticed Urug
 12601 | D:10     | Noticed Erolcha
 12630 | D:10     | Killed Erolcha
 12630 | D:10     | Reached **** piety under Okawaru
 12630 | D:10     | Reached XP level 11. HP: 92/92 MP: 17/19
 13177 | D:11     | Noticed a manticore
 13183 | D:10     | Noticed a two-headed ogre
 13190 | D:11     | Killed a manticore
 13190 | D:11     | Reached skill level 5 in Conjurations
 13190 | D:11     | Reached skill level 5 in Hexes
 13190 | D:11     | Reached skill level 5 in Charms
 13190 | D:11     | Reached skill level 5 in Summonings
 13190 | D:11     | Reached skill level 5 in Transmutations
 13190 | D:11     | Reached skill level 5 in Fire Magic
 13190 | D:11     | Reached skill level 5 in Ice Magic
 13190 | D:11     | Reached skill level 5 in Air Magic
 13190 | D:11     | Reached skill level 5 in Earth Magic
 13190 | D:11     | Reached skill level 5 in Poison Magic
 13490 | D:11     | Noticed a skeletal warrior
 13556 | Lair:1   | Entered Level 1 of the Lair of Beasts
 13773 | Lair:1   | Received a gift from Okawaru
 13953 | Lair:1   | Reached skill level 7 in Polearms
 14078 | Lair:1   | Received a gift from Okawaru
 14970 | Lair:1   | Got a vibrating lead amulet
 14971 | Lair:1   | Identified the amulet of the Thoughtful Ghosts {Gourm rC++}
                  | (You found it on level 1 of the Lair of Beasts)
 14988 | Lair:1   | Identified 2 scrolls of acquirement
 14992 | Lair:1   | Got a twisted double sword
 14993 | Lair:1   | Identified the +6 double sword of Fuexuis {flame, rElec
                  | MR++ Str-2 Stlth+} (You acquired it on level 1 of the Lair
                  | of Beasts)
 15000 | Lair:1   | Got an encrusted shield
 15011 | Lair:1   | Identified the +0 shield of the Thunderstorm {+Fly rF+ rC-}
                  | (You acquired it on level 1 of the Lair of Beasts)
 15101 | Lair:1   | You fall into a shaft and drop 1 floor!
 15102 | Lair:2   | Noticed a death yak
 15102 | Lair:2   | Noticed a death yak
 15116 | Lair:2   | Reached ***** piety under Okawaru
 15118 | Lair:2   | Noticed a death yak
 15123 | Lair:2   | Noticed a death yak
 15131 | Lair:2   | Noticed a death yak
 15133 | Lair:2   | Killed a death yak
 15139 | Lair:2   | Killed a death yak
 15139 | Lair:2   | Reached skill level 8 in Polearms
 15139 | Lair:2   | Reached XP level 12. HP: 83/99 MP: 22/22
 15145 | Lair:2   | Killed a death yak
 15149 | Lair:2   | Killed a death yak
 15149 | Lair:2   | Received a gift from Okawaru
 15157 | Lair:2   | Killed a death yak
 15310 | Lair:2   | Noticed a four-headed hydra
 15317 | Lair:2   | Killed a one-headed hydra
 15877 | Lair:2   | Noticed a death yak
 15877 | Lair:2   | Noticed a death yak
 15877 | Lair:2   | Noticed a death yak
 15898 | Lair:2   | Killed a death yak
 15905 | Lair:2   | Killed a death yak
 15905 | Lair:2   | Reached skill level 9 in Polearms
 15912 | Lair:2   | Killed a death yak
 16514 | Lair:2   | Reached XP level 13. HP: 53/106 MP: 24/24
 17209 | Lair:2   | Paralysed by a hornet for 3 turns
 17341 | Lair:2   | Received a gift from Okawaru
 17457 | Lair:2   | Learned a level 1 spell: Apportation
 17460 | Lair:2   | Learned a level 2 spell: Passwall
 18015 | Lair:3   | Noticed Fannar
 18032 | Lair:3   | Killed Fannar
 18032 | Lair:3   | Received a gift from Okawaru
 18032 | Lair:3   | Reached skill level 10 in Polearms
 18443 | Lair:4   | Found a frozen archway.
 18475 | IceCv    | Entered an ice cave
 18814 | IceCv    | Received a gift from Okawaru
 18893 | IceCv    | Received a gift from Okawaru
 19094 | IceCv    | Noticed a frost giant
 19111 | IceCv    | Reached ****** piety under Okawaru
 19133 | IceCv    | Killed a frost giant
 19133 | IceCv    | Received a gift from Okawaru
 19133 | IceCv    | Received a gift from Okawaru
 19776 | Lair:4   | Found a staircase to the Snake Pit.
 19785 | Lair:4   | Received a gift from Okawaru
 20026 | Lair:4   | Identified the Almanac of Clay and Venom
 20345 | Lair:4   | Reached XP level 14. HP: 114/114 MP: 23/26
 20461 | Lair:4   | Found a staircase to the Shoals.
 20649 | Lair:4   | Reached skill level 11 in Polearms
 20652 | Lair:4   | Got a scorched falchion
 20653 | Lair:4   | Identified the cursed +2 falchion of Fate {vamp, *Contam
                  | rPois rN++ SInv} (You found it on level 4 of the Lair of
                  | Beasts)
 20657 | Lair:4   | Gained mutation: Scrolls take you a little longer to read.
                  | [mutagenic glow]
 21746 | Lair:6   | Entered Level 6 of the Lair of Beasts
 22480 | Lair:6   | Found a staircase to the Slime Pits.
 22494 | Lair:6   | Received a gift from Okawaru
 22497 | Lair:6   | Got an ancient trident {god gift}
 22500 | Lair:6   | Identified the +11 trident of Abuse {freeze, +Inv} (Okawaru
                  | gifted it to you on level 6 of the Lair of Beasts)
 22744 | Lair:6   | Reached skill level 10 in Invocations
 23281 | Lair:6   | Received a gift from Okawaru
 23768 | Lair:6   | Received a gift from Okawaru
 24122 | D:10     | Killed Urug
 24122 | D:10     | Reached skill level 12 in Polearms
 24174 | D:10     | Received a gift from Okawaru
 24250 | D:10     | Noticed Josephine
 24267 | D:10     | Killed Josephine
 24302 | D:10     | Reached XP level 15. HP: 100/122 MP: 28/28
 24578 | D:11     | Received a gift from Okawaru
 24735 | D:11     | Reached skill level 10 in Shields
 24735 | D:11     | Reached skill level 10 in Unarmed Combat
 24741 | D:11     | Received a gift from Okawaru
 24948 | D:11     | Reached skill level 10 in Stealth
 25171 | D:11     | Noticed Harold
 25192 | D:11     | Killed Harold
 25507 | D:11     | Lost mutation: Scrolls take you a little longer to read.
                  | [potion of mutation]
 25507 | D:11     | Lost mutation: Your mind is acute. (Int +2) [potion of
                  | mutation]
 25507 | D:11     | Lost mutation: You have large cloven feet. [potion of
                  | mutation]
 25507 | D:11     | Lost mutation: You are partially covered in slimy green
                  | scales. (AC +2) [potion of mutation]
 25507 | D:11     | Gained mutation: You do not regenerate when monsters are
                  | visible. [potion of mutation]
 25507 | D:11     | Gained mutation: You are agile. (Dex +2) [potion of
                  | mutation]
 25508 | D:11     | Lost mutation: You do not regenerate when monsters are
                  | visible. [potion of mutation]
 25508 | D:11     | Lost mutation: You are agile. (Dex +2) [potion of mutation]
 25508 | D:11     | Gained mutation: Your body sometimes deteriorates upon
                  | taking damage. [potion of mutation]
 25508 | D:11     | Gained mutation: You evolve. [potion of mutation]
 25508 | D:11     | Gained mutation: You have a pair of small horns on your
                  | head. [potion of mutation]
 25664 | D:12     | Found a runed translucent door.
 25674 | D:12     | Noticed Uvvog's ghost (journeyman GnNe)
 25770 | D:12     | Noticed Kirke
 25796 | D:12     | Killed Kirke
 25796 | D:12     | Received a gift from Okawaru
 26311 | D:12     | Found a staircase to the Orcish Mines.
 26391 | D:12     | Noticed Snorg
 26395 | D:12     | Killed Snorg
 26575 | D:12     | Killed Uvvog's ghost
 26888 | D:13     | Received a gift from Okawaru
 26972 | D:13     | Reached skill level 10 in Short Blades
 26972 | D:13     | Reached skill level 10 in Long Blades
 26972 | D:13     | Reached skill level 10 in Axes
 26972 | D:13     | Reached skill level 10 in Maces & Flails
 26972 | D:13     | Reached skill level 10 in Staves
 26972 | D:13     | Reached skill level 10 in Slings
 26972 | D:13     | Reached skill level 10 in Bows
 26972 | D:13     | Reached skill level 10 in Crossbows
 26972 | D:13     | Reached skill level 10 in Throwing
 26972 | D:13     | Reached skill level 10 in Armour
 26972 | D:13     | Reached skill level 10 in Dodging
 26972 | D:13     | Reached skill level 10 in Spellcasting
 26972 | D:13     | Reached skill level 10 in Evocations
 27544 | D:13     | Gained mutation: Your muscles are strong. (Str +2)
                  | [evolution]
 27702 | D:13     | Received a gift from Okawaru
 28052 | D:14     | Reached skill level 13 in Polearms
 28115 | D:14     | Found a gate to the Vaults.
 28629 | D:14     | Reached XP level 16. HP: 129/129 MP: 30/30
 28857 | D:14     | Noticed Azrael
 28873 | D:14     | Killed Azrael
 29151 | D:15     | Entered Level 15 of the Dungeon
 29527 | D:15     | Found a shadowy altar of Dithmenos.
 29707 | D:15     | Found a staircase to the Depths.
 30093 | D:15     | Received a gift from Okawaru
 30329 | Orc:1    | Entered Level 1 of the Orcish Mines
 30930 | Orc:1    | Learned a level 2 spell: Swiftness
 30937 | Orc:2    | Entered Level 2 of the Orcish Mines
 30945 | Orc:2    | Received a gift from Okawaru
 30947 | Orc:2    | Found a gate leading to a gauntlet.
 30962 | Gauntlet | Entered a Gauntlet
 30962 | Gauntlet | Found a transporter.
 30972 | Gauntlet | Found a transporter.
 30987 | Gauntlet | Found a transporter.
 30992 | Gauntlet | Found a transporter.
 31007 | Gauntlet | Found a transporter.
 31023 | Gauntlet | Found a transporter.
 31038 | Gauntlet | Found a transporter.
 31044 | Gauntlet | Found a transporter.
 31059 | Gauntlet | Found a transporter.
 31071 | Gauntlet | Found a transporter.
 31083 | Gauntlet | Found a transporter.
 31100 | Gauntlet | Found a transporter.
 31118 | Gauntlet | Found a transporter.
 31120 | Gauntlet | Found a transporter.
 31145 | Gauntlet | Found a transporter.
 31147 | Gauntlet | Found a transporter.
 31167 | Gauntlet | Found a transporter.
 31257 | Gauntlet | Found a transporter.
 31438 | Gauntlet | Got an encrusted hat
 31439 | Gauntlet | Identified the +2 hat "Worinnuank" {-Cast +Fly rPois MR+}
                  | (You found it in a Gauntlet)
 31475 | Gauntlet | Got a coiled pewter ring
 31476 | Gauntlet | Identified the ring "Bahysaj" {-Tele rN+ MR+ Str+3 Dex+7}
                  | (You found it in a Gauntlet)
 31536 | Gauntlet | Identified the Guide on Transformation
 31558 | Gauntlet | Got a pair of warped gloves
 31569 | Gauntlet | Identified the cursed +0 pair of gloves "Qigrar" {Int+5}
                  | (You found it in a Gauntlet)
 31584 | Gauntlet | Found the +2 Maxwell's thermic engine {flame, freeze}
 31704 | Orc:2    | Noticed Donald
 31721 | Orc:2    | Killed Donald
 31739 | Orc:2    | Noticed Sonja
 31750 | Orc:2    | Killed Sonja
 32049 | Orc:2    | Found a staircase to the Elven Halls.
 32178 | Orc:2    | Found Gitru's Food Shoppe.
 32263 | Orc:2    | Reached skill level 10 in Necromancy
 32421 | Orc:2    | Gained mutation: You are agile. (Dex +2) [evolution]
 32493 | Orc:2    | Found Nyonnil's Gadget Boutique.
 32498 | Orc:2    | Found Niys's Weapon Boutique.
 32500 | Orc:2    | Found Suchizaw's Jewellery Shoppe.
 32802 | Snake:1  | Entered Level 1 of the Snake Pit
 33448 | Snake:1  | Reached skill level 14 in Polearms
 33524 | Snake:1  | Noticed Aizul
 33554 | Snake:1  | Killed Aizul
 33581 | Snake:1  | Reached XP level 17. HP: 58/137 MP: 32/32
 33838 | Snake:1  | Found a hide-covered altar of Uskayaw.
 34455 | Snake:2  | Received a gift from Okawaru
 34655 | Snake:2  | Noticed Frances
 34681 | Snake:2  | Killed Frances
 34681 | Snake:2  | Received a gift from Okawaru
 35374 | Snake:3  | Found Kaciphan's Gadget Emporium.
 35379 | Snake:3  | Found Vesal's Jewellery Boutique.
 35380 | Snake:3  | Found Tiyrr's Gadget Emporium.
 35391 | Snake:3  | Bought the ring of Vinoon {Fire rElec Str+2 Stlth+} for 920
                  | gold pieces
 35395 | Snake:3  | Bought a +5 ring of protection for 1100 gold pieces
 35503 | Snake:3  | Reached skill level 10 in Translocations
 35574 | Snake:3  | Noticed Vashnia
 35811 | Snake:3  | Killed Vashnia
 36629 | Snake:3  | Noticed Agnes
 36641 | Snake:3  | Killed Agnes
 36753 | Snake:3  | Reached skill level 15 in Polearms
 36848 | Snake:4  | Entered Level 4 of the Snake Pit
 36900 | Snake:4  | Reached skill level 10 in Conjurations
 36900 | Snake:4  | Reached skill level 10 in Hexes
 36900 | Snake:4  | Reached skill level 10 in Charms
 36900 | Snake:4  | Reached skill level 10 in Summonings
 36900 | Snake:4  | Reached skill level 10 in Transmutations
 36900 | Snake:4  | Reached skill level 10 in Fire Magic
 36900 | Snake:4  | Reached skill level 10 in Ice Magic
 36900 | Snake:4  | Reached skill level 10 in Air Magic
 36900 | Snake:4  | Reached skill level 10 in Earth Magic
 36900 | Snake:4  | Reached skill level 10 in Poison Magic
 37102 | Snake:4  | Reached XP level 18. HP: 145/145 MP: 33/33
 37128 | Snake:4  | Received a gift from Okawaru
 37494 | Snake:4  | Received a gift from Okawaru
 37656 | Snake:4  | Received a gift from Okawaru
 38486 | Snake:4  | Gained mutation: You have a pair of horns on your head.
                  | [evolution]
 38692 | Snake:4  | Got a serpentine rune of Zot
 38769 | Snake:4  | Received a gift from Okawaru
 39377 | Vaults:1 | Entered Level 1 of the Vaults
 39557 | Vaults:1 | Received a gift from Okawaru
 40560 | Vaults:1 | Reached XP level 19. HP: 103/153 MP: 35/35
 40575 | Vaults:1 | Received a gift from Okawaru
 40575 | Vaults:1 | Reached skill level 16 in Polearms
 42307 | Vaults:2 | Received a gift from Okawaru
 42934 | Vaults:2 | Received a gift from Okawaru
 43133 | Vaults:2 | Found a runed translucent door.
 43133 | Vaults:2 | Noticed theMacoje's ghost (adept OgEn)
 43191 | Vaults:2 | Killed theMacoje's ghost
 43191 | Vaults:2 | Received a gift from Okawaru
 43432 | Vaults:3 | Received a gift from Okawaru
 43567 | Vaults:3 | Received a gift from Okawaru
 43625 | Vaults:3 | Reached XP level 20. HP: 80/161 MP: 36/36
 43632 | Vaults:3 | Reached skill level 15 in Fighting
 43673 | Vaults:3 | Received a gift from Okawaru
 44181 | Vaults:3 | Found Hyalojefi's Armour Boutique.
 44204 | Vaults:3 | Bought the +5 plate armour "Hiuguet" {rF+ Int+2} for 993
                  | gold pieces
 44384 | Vaults:3 | Reached skill level 17 in Polearms
 44508 | Vaults:3 | Received a gift from Okawaru
 44654 | Vaults:3 | Identified Gerel's Handbook of Entrancing Orientation
 44737 | Vaults:3 | Found a staircase to the Crypt.
 45215 | Vaults:4 | Received a gift from Okawaru
 46313 | Vaults:4 | Got a pitted scale mail {god gift}
 46314 | Vaults:4 | Identified the +4 scale mail "Gessef" {rElec rC+ Str+3}
                  | (Okawaru gifted it to you on level 4 of the Vaults)
 46557 | Elf:1    | Entered Level 1 of the Elven Halls
 46949 | Elf:1    | Found Qejuroc's Distillery.
 46968 | Elf:1    | Bought a potion of might for 44 gold pieces
 46968 | Elf:1    | Bought a potion of might for 44 gold pieces
 47112 | Elf:1    | Identified Vehumet's Compendium of Attacks
 47118 | Elf:1    | Reached XP level 21. HP: 169/169 MP: 38/38
 47473 | Elf:2    | Found Piythraus's Weapon Shoppe.
 47552 | Elf:2    | Got a shimmering large shield
 47553 | Elf:2    | Identified the +5 large shield "Tylonio" {rN+} (You
                  | acquired it on level 2 of the Elven Halls)
 47679 | Elf:2    | Found a runed translucent gate.
 47679 | Elf:2    | Found a runed translucent gate.
 47681 | Elf:2    | Found a runed translucent gate.
 48005 | Elf:2    | Received a gift from Okawaru
 48155 | Elf:2    | Learned a level 2 spell: Blink
 48160 | Elf:2    | Learned a level 4 spell: Animate Dead
 48188 | Elf:2    | Received a gift from Okawaru
 48216 | Elf:2    | Learned a level 5 spell: Borgnjor's Vile Clutch
 48222 | Elf:2    | Learned a level 5 spell: Dispel Undead
 48433 | Elf:3    | Entered Level 3 of the Elven Halls
 48829 | Elf:3    | Reached skill level 18 in Polearms
 49450 | Elf:3    | Reached skill level 15 in Invocations
 49836 | Elf:3    | Identified the +7 lajatang "Dedyh" {venom, rF++ MR+ MP+9
                  | Str-5}
 49851 | Elf:3    | Identified a ring of the Octopus King {Wiz AC+1 EV+1 Str+1
                  | Int+1 Dex+1}
 49919 | Elf:3    | Received a gift from Okawaru
 50370 | Elf:3    | Received a gift from Okawaru
 50429 | Elf:3    | Got translucent storm dragon scales
 50430 | Elf:3    | Identified the +4 storm dragon scales of Vexation {rElec
                  | MR+} (You found it on level 3 of the Elven Halls)
 50643 | Depths:1 | Entered Level 1 of the Depths
 50643 | Depths:1 | Found a gateway to a ziggurat.
 50731 | Depths:1 | Found Veorhoym's Antique Weapon Shoppe.
 50731 | Depths:1 | Found Wogeb's Antique Weapon Emporium.
 50744 | Depths:1 | Reached XP level 22. HP: 177/177 MP: 40/40
 50778 | Depths:1 | Found a gateway to Hell.
 50888 | Depths:1 | Received a gift from Okawaru
 50972 | Depths:1 | Found a glowing golden altar of the Shining One.
 51109 | Depths:1 | Found a one-way gate to the infinite horrors of the Abyss.
 51517 | Depths:2 | Received a gift from Okawaru
 51618 | Depths:2 | Noticed a golden dragon
 51668 | Depths:2 | Killed a golden dragon
 51670 | Depths:2 | Paralysed by a floating eye for 3 turns
 51793 | Depths:2 | Found Siyrgh's Armour Shop.
 51796 | Depths:2 | Bought a +2 pair of boots of running for 456 gold pieces
 51849 | Depths:2 | Received a gift from Okawaru
 51971 | Depths:2 | Received a gift from Okawaru
 52025 | Depths:2 | Noticed a golden dragon
 52049 | Depths:2 | Killed a golden dragon
 52049 | Depths:2 | Received a gift from Okawaru
 52329 | Depths:2 | Received a gift from Okawaru
 52683 | Depths:2 | Noticed a caustic shrike
 52694 | Depths:2 | Killed a caustic shrike
 52694 | Depths:2 | Received a gift from Okawaru
 52934 | Depths:2 | Reached skill level 19 in Polearms
 53020 | Depths:2 | Reached skill level 15 in Short Blades
 53082 | Depths:2 | Found a portal to a secret trove of treasure.
 53768 | D:3      | Killed Thantalas's ghost
 54056 | Shoals:1 | Entered Level 1 of the Shoals
 55063 | Shoals:2 | Found a shattered altar of Ashenzari.
 55831 | Shoals:3 | Reached XP level 23. HP: 185/185 MP: 41/41
 56733 | Shoals:3 | Reached skill level 15 in Shields
 56733 | Shoals:3 | Reached skill level 15 in Unarmed Combat
 56939 | Shoals:4 | Entered Level 4 of the Shoals
 57080 | Shoals:4 | Reached skill level 15 in Stealth
 57768 | Shoals:4 | Received a gift from Okawaru
 57823 | Shoals:4 | Found a large runed translucent door.
 57823 | Shoals:4 | Found a large runed translucent door.
 58130 | Shoals:4 | Got a barnacled rune of Zot
 58409 | Shoals:4 | Received a gift from Okawaru
 58505 | Shoals:4 | Reached skill level 15 in Long Blades
 58505 | Shoals:4 | Reached skill level 15 in Axes
 58505 | Shoals:4 | Reached skill level 15 in Maces & Flails
 58505 | Shoals:4 | Reached skill level 15 in Staves
 58505 | Shoals:4 | Reached skill level 15 in Slings
 58505 | Shoals:4 | Reached skill level 15 in Bows
 58505 | Shoals:4 | Reached skill level 15 in Crossbows
 58505 | Shoals:4 | Reached skill level 15 in Throwing
 58505 | Shoals:4 | Reached skill level 15 in Armour
 58505 | Shoals:4 | Reached skill level 15 in Dodging
 58505 | Shoals:4 | Reached skill level 15 in Spellcasting
 58505 | Shoals:4 | Reached skill level 15 in Evocations
 59633 | Depths:3 | Found a one-way gate leading to the halls of Pandemonium.
 59834 | Depths:3 | Received a gift from Okawaru
 59881 | Depths:3 | Found a runed translucent door.
 59881 | Depths:3 | Noticed Polaczum's ghost (adept TrMo)
 59994 | Depths:3 | Received a gift from Okawaru
 60198 | Depths:3 | Noticed a golden dragon
 60216 | Depths:3 | Killed a golden dragon
 60278 | Depths:3 | Received a gift from Okawaru
 60412 | Depths:3 | Noticed a golden dragon
 60423 | Depths:3 | Received a gift from Okawaru
 60450 | Depths:3 | Killed a golden dragon
 60455 | Depths:3 | Received a gift from Okawaru
 60522 | Depths:3 | Noticed a golden dragon
 60539 | Depths:3 | Killed a golden dragon
 60787 | Depths:3 | Identified the Almanac of Burning Creation
 60890 | Depths:3 | Reached XP level 24. HP: 191/193 MP: 42/42
 61359 | Depths:4 | Reached skill level 20 in Polearms
 61511 | Depths:4 | You fall into a shaft and drop 1 floor!
 61511 | Depths:5 | Entered Level 5 of the Depths
 61511 | Depths:5 | Noticed the Enchantress
 61629 | Depths:4 | Received a gift from Okawaru
 62036 | Depths:4 | Got a blackened shield
 62037 | Depths:4 | Identified the +3 shield of Juargherr {Int+8} (You found it
                  | on level 4 of the Depths)
 62140 | Depths:4 | Received a gift from Okawaru
 62445 | Depths:4 | Got a steaming trident
 62446 | Depths:4 | Identified the cursed +0 trident "Widowermaker" {pierce,
                  | Str+6 Stlth+} (You found it on level 4 of the Depths)
 62561 | Depths:4 | Got a bound wooden ring
 62562 | Depths:4 | Identified the ring of Ascent {+Inv MP+9} (You found it on
                  | level 4 of the Depths)
 62582 | Depths:4 | Got a brightly glowing scimitar
 62583 | Depths:4 | Identified the +8 scimitar of Pythupn {freeze, Int+9} (You
                  | found it on level 4 of the Depths)
 62683 | Depths:4 | Gained mutation: Your body often deteriorates upon taking
                  | damage. [a neqoxec]
 64336 | Depths:4 | Killed the Enchantress
 64838 | Depths:5 | Found a gate to the Realm of Zot.
 65280 | Vaults:5 | Entered Level 5 of the Vaults
 65463 | Vaults:4 | Received a gift from Okawaru
 65665 | Vaults:5 | Reached XP level 25. HP: 154/202 MP: 42/42
 65810 | Vaults:5 | Received a gift from Okawaru
 66194 | Vaults:5 | Received a gift from Okawaru
 66305 | Vaults:5 | Lost mutation: Your body often deteriorates upon taking
                  | damage. [evolution]
 66486 | Vaults:5 | Got a warped wooden ring
 66488 | Vaults:5 | Identified the ring "Senoch" {Ice rN+ MP-9 Str+8} (You
                  | found it on level 5 of the Vaults)
 66494 | Vaults:5 | Reached skill level 21 in Polearms
 66971 | Vaults:5 | Identified the +1 morningstar "Zyrghib" {venom, Int+2}
 67252 | Vaults:5 | Got a silver rune of Zot
 67325 | Vaults:5 | Received a gift from Okawaru
 67676 | Vaults:5 | Got a pair of bloodstained boots {god gift}
 67677 | Vaults:5 | Identified the +0 pair of boots "Jiogeut" {rElec rC+++ MP-9
                  | Dex-3} (Okawaru gifted it to you on level 5 of the Vaults)
 67797 | Vaults:5 | Found the +6 lightning scales {run, rElec}
 68351 | Zot:1    | Entered Level 1 of the Realm of Zot
 68401 | Zot:1    | Found the +6 arbalest "Damnation" {damnation}
 69094 | Zot:1    | Reached XP level 26. HP: 189/211 MP: 43/43
 70331 | Zot:2    | Received a gift from Okawaru
 70915 | Zot:2    | Gained mutation: You are resistant to hostile enchantments.
                  | (MR+) [evolution]
 72231 | Zot:3    | Noticed a Killer Klown
 72248 | Zot:3    | Killed a Killer Klown
 72248 | Zot:3    | Received a gift from Okawaru
 72473 | Zot:3    | Received a gift from Okawaru
 72473 | Zot:3    | Reached skill level 22 in Polearms
 72535 | Zot:4    | Found a runed translucent gate.
 72535 | Zot:4    | Found a runed translucent gate.
 72535 | Zot:4    | Found an opulent altar of Gozag.
 72540 | Zot:4    | Found a runed translucent gate.
 72650 | Zot:4    | Received a gift from Okawaru
 72650 | Zot:4    | Reached skill level 15 in Necromancy
 72925 | Zot:4    | Noticed an orb of fire
 72978 | Zot:4    | Gained mutation: You tend to lose your temper in combat.
                  | [an orb of fire]
 72982 | Zot:4    | Gained mutation: Armour fits poorly on your strangely
                  | shaped body. [an orb of fire]
 72992 | Zot:4    | Killed an orb of fire
 72992 | Zot:4    | Reached XP level 27. HP: 203/219 MP: 43/43
 72995 | Zot:4    | Lost mutation: Armour fits poorly on your strangely shaped
                  | body. [potion of mutation]
 72995 | Zot:4    | Lost mutation: You have a pair of horns on your head.
                  | [potion of mutation]
 72995 | Zot:4    | Lost mutation: You are agile. (Dex +2) [potion of mutation]
 72995 | Zot:4    | Gained mutation: You rapidly evolve. [potion of mutation]
 72995 | Zot:4    | Gained mutation: You are highly resistant to hostile
                  | enchantments. (MR++) [potion of mutation]
 72995 | Zot:4    | Lost mutation: Your body sometimes deteriorates upon taking
                  | damage. [potion of mutation]
 72995 | Zot:4    | Gained mutation: You are partially covered in rugged brown
                  | scales. (AC +1, +3% HP) [potion of mutation]
 72996 | Zot:4    | Lost mutation: You are highly resistant to hostile
                  | enchantments. (MR++) [potion of mutation]
 72996 | Zot:4    | Lost mutation: You are partially covered in rugged brown
                  | scales. (AC +1, +3% HP) [potion of mutation]
 72996 | Zot:4    | Lost mutation: You tend to lose your temper in combat.
                  | [potion of mutation]
 72996 | Zot:4    | Gained mutation: You have a pair of horns on your head.
                  | [potion of mutation]
 72996 | Zot:4    | Gained mutation: Your muscles are very strong. (Str +4)
                  | [potion of mutation]
 73331 | Zot:4    | Found Acijar's Assorted Antiques.
 73822 | Zot:4    | Noticed Decrayps's ghost (veteran FeEn)
 73846 | Zot:5    | Entered Level 5 of the Realm of Zot
 73898 | Zot:4    | Received a gift from Okawaru
 74270 | Zot:4    | Received a gift from Okawaru
 74794 | Zot:5    | Reached skill level 15 in Translocations
 75000 | Zot:5    | Noticed an ancient lich
 75013 | Zot:5    | Noticed an orb of fire
 75018 | Zot:5    | Gained mutation: Your body sometimes deteriorates upon
                  | taking damage. [an orb of fire]
 75031 | Zot:5    | Noticed an orb of fire
 75044 | Zot:5    | Killed an orb of fire
 75052 | Zot:5    | Killed an orb of fire
 75052 | Zot:5    | Reached skill level 15 in Conjurations
 75052 | Zot:5    | Reached skill level 15 in Hexes
 75052 | Zot:5    | Reached skill level 15 in Charms
 75052 | Zot:5    | Reached skill level 15 in Summonings
 75052 | Zot:5    | Reached skill level 15 in Transmutations
 75052 | Zot:5    | Reached skill level 15 in Fire Magic
 75052 | Zot:5    | Reached skill level 15 in Ice Magic
 75052 | Zot:5    | Reached skill level 15 in Air Magic
 75052 | Zot:5    | Reached skill level 15 in Earth Magic
 75052 | Zot:5    | Reached skill level 15 in Poison Magic
 75059 | Zot:5    | Killed an ancient lich
 75066 | Zot:5    | Received a gift from Okawaru
 75170 | Zot:5    | Noticed an orb of fire
 75186 | Zot:5    | Noticed an orb of fire
 75195 | Zot:5    | Killed an orb of fire
 75195 | Zot:5    | Received a gift from Okawaru
 75209 | Zot:5    | Killed an orb of fire
 75229 | Zot:5    | Noticed an ancient lich
 75247 | Zot:5    | Killed an ancient lich
 75255 | Zot:5    | Noticed an orb of fire
 75269 | Zot:5    | Killed an orb of fire
 75269 | Zot:5    | Received a gift from Okawaru
 75289 | Zot:5    | Reached skill level 23 in Polearms
 75320 | Zot:5    | Noticed an orb of fire
 75324 | Zot:5    | Noticed an orb of fire
 75331 | Zot:5    | Noticed an orb of fire
 75403 | Zot:5    | Killed an orb of fire
 75411 | Zot:5    | Noticed an orb of fire
 75758 | Zot:5    | Gained mutation: Your magical capacity is low. (-10% MP)
                  | [an orb of fire]
 75759 | Zot:5    | Gained mutation: You are clumsy. (Dex -2) [an orb of fire]
 75767 | Zot:4    | Gained mutation: You expend magic power (3 MP) to
                  | strengthen your wands. [an orb of fire]
 75785 | Zot:4    | Killed an orb of fire
 75785 | Zot:4    | Received a gift from Okawaru
 75925 | Zot:4    | Killed an orb of fire
 76044 | Zot:5    | Received a gift from Okawaru
 76047 | Zot:5    | Got an ebony demon trident {god gift}
 76048 | Zot:5    | Identified the +8 demon trident "Ysijipt" {venom, rF+ rC-
                  | Int+5} (Okawaru gifted it to you on level 5 of the Realm of
                  | Zot)
 76178 | Zot:5    | Killed an orb of fire
 76496 | Zot:5    | Noticed an ancient lich
 76538 | Zot:5    | Killed an ancient lich
 76564 | Zot:5    | Received a gift from Okawaru
 76725 | Zot:5    | Lost mutation: Your body sometimes deteriorates upon taking
                  | damage. [evolution]
 76725 | Zot:5    | Lost mutation: You rapidly evolve. [decline of evolution]
 76834 | Zot:5    | Got the Orb of Zot
 77294 | D:7      | Noticed Yriman the pandemonium lord
 77310 | D:7      | Killed Yriman the pandemonium lord
 77407 | D:$      | Escaped with the Orb!

Levels and vault maps discovered:
D:1:      elethiomel_arrival_shortcut, layout_loops_cross
D:2:      layout_basic, hangedman_ru_absence, uniq_robin,
          uniq_crazy_yiuf_cottage, uniq_terence
D:3:      layout_loops_cross, lemuel_doored_altar,
          ebering_ghost_reflecting_pool, uniq_natasha
D:4:      layout_cave_pools, enter_ossuary_3, first_ration
D:5:      layout_rooms, elyvilon_altar_5, grunt_temple_overflow_open,
          minmay_temple_entry_fiery, roderic_roman_lattice
D:6:      old_forge, layout_basic, gammafunk_ghost_mausoleum
D:7:      layout_rooms, grunt_livestock, grunt_qazlal_clouds
D:8:      layout_rooms, david_lair_shrubbed, basic_altar, minmay_manual_mess,
          uniq_erica
D:9:      layout_cave_pools
D:10:     layout_gridville, uniq_erolcha, uniq_josephine, uniq_urug
D:11:     layout_grid_maze, uniq_harold
D:12:     layout_small_grid, orc_0_dummy, ebering_ghost_reflecting_pool,
          serial_bayou_pond_c, uniq_snorg, uniq_kirke
D:13:     layout_loops_cross
D:14:     layout_stronghold, erik_vaults_2, grunt_decor_mini_mirrors,
          uniq_azrael
D:15:     grunt_enter_depths_giant_problem, layout_loops_cross,
          nicolae_dithmenos_shadow_blocks
Temple:   compressed_dpeg_circular_temple
Lair:1:   layout_regular_city, fungi_pond_lemuel, wad_woods_06,
          bh_autumn_forest_stairs, serial_bayou_shore_b, lemuel_fruit_fields,
          lemuel_fruit_tree
Lair:2:   cheibrodos_lair_river_kwai, layout_cave_pods, serial_bayou_shore_a
Lair:3:   layout_hall_layers, minivault_11, uniq_fannar
Lair:4:   wander_river, layout_long_grid, shoals_dummy_entry,
          minmay_snake_entry_guardpost_medium, portal_ice_cave_entry_imps,
          nzn_random_ring, infiniplex_staircase_pool_2
Lair:5:   layout_layer_cave, grunt_megastairs_3
Lair:6:   minmay_lair_end_frog_pond, layout_long_grid,
          minmay_slime_entry_pillars, lemuel_fruit_fields
Shoals:1: layout_shoals
Shoals:2: layout_shoals, lemuel_altar_in_water2
Shoals:3: layout_shoals
Shoals:4: shoals_end_simple, layout_shoals, ebering_ghost_disaster_area
Snake:1:  layout_misc_corridors, basic_altar, serial_bayou_shore_b, uniq_aizul
Snake:2:  layout_rooms, uniq_frances
Snake:3:  layout_onion, grunt_ministairs_7, eino_curves_03, minmay_shop_grove,
          uniq_agnes, uniq_vashnia
Snake:4:  minmay_snake_end_coiled, layout_onion, special_room
Orc:1:    layout_caves, nicolae_orc_pool_cavern
Orc:2:    st_orc_elflike, layout_caves, gauntlet_entry_generic, uniq_donald,
          uniq_sonja
Elf:1:    layout_rooms, serial_shops, shop, minmay_elf_annihilation,
          eino_tiny_chamber, roderic_lattice_octagonal_star
Elf:2:    layout_loops_ring, serial_shops, shop
Elf:3:    elf_hall, layout_gridlike
Vaults:1: nicolae_vaults_little_squares_3, st_squares, nicolae_vaults_little_ls,
          nicolae_vaults_network_quincunx
          [nicolae_vaults_network_quincunx_subvault,
          nicolae_vaults_network_quincunx_subvault,
          nicolae_vaults_network_quincunx_subvault,
          nicolae_vaults_network_quincunx_subvault,
          nicolae_vaults_network_quincunx_subvault],
          nicolae_vaults_little_squares_3, serial_ice_b,
          vaults_standard_mumra_enter_the_diamond, nicolae_vaults_alarming,
          vaults_room_door_hall, dpeg_vaults_monster_box,
          ontoclasm_vaults_claustrophobia, vaults_room_door_ring,
          vaults_room_grunt_arrival_ludios, ontoclasm_vaults_fault,
          vaults_dpeg_encased_lava, layout_vaults_omnicross
Vaults:2: ebering_vaults_ghost_inner_flame, vaults_room_semicircle,
          nicolae_vaults_theta, vaults_room_fours,
          nicolae_vaults_ninety_degrees, nicolae_vaults_network_star,
          v_alt_pattern_1, v_alt_pattern_4, hangedman_vaults_cutoff,
          hangedman_vaults_slice, v_rooms_2, ontoclasm_vaults_shuriken,
          layout_vaults_omnigrid
Vaults:3: v_misc_4, v_rooms_3, ontoclasm_vaults_ring_large,
          vaults_room_mumra_shop_pool, v_misc_29, vaults_standard_mumra_lines,
          v_misc_9, v_misc_18, minmay_crypt_entry_simple_plaza,
          nicolae_vaults_shelves_hall, layout_vaults_big_room
Vaults:4: vaults_mumra_chevron, nicolae_vaults_circle_grid_b, v_misc_29,
          serial_ice_m, grunt_vaults_swirl, ontoclasm_vaults_ring_large,
          vaults_room_pools, ontoclasm_vaults_spin, vaults_mumra_chevron_long,
          grunt_vaults_focal, ontoclasm_vaults_gateway, vaults_room_corners,
          nicolae_vaults_little_squares_3, nicolae_vaults_specimen_jars,
          vaults_room_pools, layout_vaults_ring
Vaults:5
Depths:1: layout_basic, enter_ziggurat_f, hell_entry, abyss_entry_crystal,
          minmay_misc_feat_secret_circle, tso_metal_star, minmay_shoptagon
Depths:2: minmay_the_grid_triangle_9x9_recursive_2
          [minmay_the_grid_triangle_9x9_prize_center,
          minmay_the_grid_triangle_9x9_negative_grid,
          minmay_the_grid_triangle_9x9_zippers_vertical,
          minmay_the_grid_triangle_9x9_wacky_v], layout_basic, abyss_entry,
          serial_shops, shop, enter_trove_3, hangedman_coc_ice_floe, kb_rosetta
Depths:3: minmay_nine_rooms, layout_cave_pools, gammafunk_ghost_grave,
          abyss_entry_small_statue_room, hangedman_abyss_or_decor_stagger,
          pan_entry, hell_entry, infiniplex_staircase_spiral
Depths:4: radiant_caverns_b_rkd, hell_entry, abyss_entry
Depths:5: evilmike_zot_entry_basic, layout_cave_pools, abyss_entry, hell_entry,
          uniq_enchantress
Zot:1:    layout_twisted_circle
Zot:2:    evilmike_crystal_ball_defense, layout_cathedral_of_symmetry,
          grunt_megastairs_5, lemuel_elevator
Zot:3:    layout_concentric_octagons, hangedman_zot_decor_slant
Zot:4:    layout_misc_corridors, ebering_ghost_gozag
Zot:5:    layout_cathedral_of_symmetry, st_stairs_10

Skill      XL: |  1  2  3  4  5  6  7  8  9 10 11 12 13 14 15 16 17 18 19 20 21 22 23 24 25 26 27 |
---------------+----------------------------------------------------------------------------------+-----
Translocations | 2 3 4 5 6 7 8 9 10 11 12 13 14 15 | 15.6
Short Blades   | 1 2 3 4 5 6 7 8 9 10 11 12 13 14 15 16 17 18 19 20 | 20.9
Long Blades    | 1 2 3 4 5 6 7 8 9 10 11 12 13 14 15 16 18 | 18.0
Axes           | 1 2 3 4 5 6 7 8 9 10 11 12 13 14 15 16 18 | 18.0
Maces & Flails | 1 2 3 4 5 6 7 8 9 10 11 12 13 14 15 16 18 | 18.0
Polearms       | 1 2 3 4 6 8 9 10 12 13 14 15 16 17 18 19 20 21 22 23 | 23.4
Staves         | 1 2 3 4 5 6 7 8 9 10 11 12 13 14 15 16 18 | 18.0
Slings         | 1 2 3 4 5 6 7 8 9 10 11 12 13 14 15 16 18 | 18.0
Bows           | 1 2 3 4 5 6 7 8 9 10 11 12 13 14 15 16 18 | 18.0
Crossbows      | 1 2 3 4 5 6 7 8 9 10 11 12 13 14 15 16 18 | 18.0
Throwing       | 1 2 3 4 5 6 7 8 9 10 11 12 13 14 15 16 18 | 18.0
Armour         | 1 2 3 4 5 6 7 8 9 10 11 12 13 14 15 16 18 | 18.0
Dodging        | 1 2 3 4 5 6 7 8 9 10 11 12 13 14 15 16 18 | 18.0
Spellcasting   | 1 2 3 4 5 6 7 8 9 10 11 12 13 14 15 16 18 | 18.0
Invocations    | 1 2 3 4 5 6 7 8 9 10 11 12 13 14 15 16 17 18 19 | 19.3
Evocations     | 1 2 3 4 5 6 7 8 9 10 11 12 13 14 15 16 18 | 18.0
Conjurations   | 1 2 3 4 5 6 7 8 9 10 11 12 13 14 15 | 15.5
Hexes          | 1 2 3 4 5 6 7 8 9 10 11 12 13 14 15 | 15.5
Charms         | 1 2 3 4 5 6 7 8 9 10 11 12 13 14 15 | 15.5
Summonings     | 1 2 3 4 5 6 7 8 9 10 11 12 13 14 15 | 15.5
Transmutations | 1 2 3 4 5 6 7 8 9 10 11 12 13 14 15 | 15.5
Fire Magic     | 1 2 3 4 5 6 7 8 9 10 11 12 13 14 15 | 15.5
Ice Magic      | 1 2 3 4 5 6 7 8 9 10 11 12 13 14 15 | 15.5
Air Magic      | 1 2 3 4 5 6 7 8 9 10 11 12 13 14 15 | 15.5
Earth Magic    | 1 2 3 4 5 6 7 8 9 10 11 12 13 14 15 | 15.5
Poison Magic   | 1 2 3 4 5 6 7 8 9 10 11 12 13 14 15 | 15.5
Shields        | 3 4 5 6 7 8 9 10 11 12 13 14 15 16 17 18 | 18.1
Unarmed Combat | 3 4 5 6 7 8 9 10 11 12 13 14 15 16 17 18 | 18.1
Necromancy     | 4 5 6 7 8 9 10 11 12 13 14 15 | 15.9
Stealth        | 3 4 5 6 7 8 9 10 11 12 13 14 15 16 17 18 | 18.1
Fighting       | 9 10 11 12 13 14 15 16 17 18 19 | 19.3

Action                   |  1- 3 |  4- 6 |  7- 9 | 10-12 | 13-15 | 16-18 | 19-21 | 22-24 | 25-27 || total
-------------------------+-------+-------+-------+-------+-------+-------+-------+-------+-------++-------
Melee: Dagger            |   167 |   225 |   656 |   845 |       |       |       |       |       ||  1893
       Bite              |    28 |    42 |    84 |   148 |   175 |   235 |   282 |   374 |   328 ||  1696
       War axe           |     8 |       |       |       |       |       |       |       |       ||     8
       Kick              |       |       |   119 |   418 |   240 |       |       |       |       ||   777
       Double sword      |       |       |       |   166 |   486 |   169 |   413 |    13 |   401 ||  1648
       Trident           |       |       |       |       |   805 |  1338 |  1178 |  2054 |   769 ||  6144
       Headbutt          |       |       |       |       |   105 |   397 |   466 |   637 |   570 ||  2175
       Demon whip        |       |       |       |       |       |       |       |       |   193 ||   193
       Demon trident     |       |       |       |       |       |       |       |       |   172 ||   172
Throw: Stone             |    20 |   117 |   155 |   101 |     9 |       |       |       |       ||   402
       Dart              |     5 |     7 |    21 |     3 |     3 |     8 |       |       |       ||    47
       Throwing net      |       |     1 |       |       |       |       |       |       |     1 ||     2
       Boomerang         |       |       |       |       |       |   149 |    10 |   336 |   422 ||   917
Invok: Heroism           |       |       |     5 |    25 |    41 |    46 |    42 |    42 |    57 ||   258
       Finesse           |       |       |       |       |     3 |     4 |     4 |     6 |    18 ||    35
 Abil: Evoke Invisibilit |       |       |       |       |       |       |       |       |     2 ||     2
Evoke: Wand              |       |     6 |     8 |    17 |     3 |     6 |       |       |       ||    40
       Lamp of fire      |       |       |       |       |       |     1 |       |       |       ||     1
  Use: Potion            |       |       |     8 |     4 |     2 |     2 |       |     1 |    24 ||    41
       Scroll            |       |       |     2 |    21 |     9 |     7 |    11 |    16 |    17 ||    83
 Stab: Sleeping          |     1 |       |     1 |     6 |    30 |    27 |    36 |     9 |     3 ||   113
       Distracted        |     1 |     1 |     1 |       |    12 |     7 |     2 |     4 |     1 ||    29
       Held in net/web   |       |     2 |       |       |       |       |       |       |     2 ||     4
       Invisible         |       |       |     3 |     1 |       |     5 |       |       |    19 ||    28
       Paralysed         |       |       |       |       |       |     1 |       |       |       ||     1
  Eat: Chunk             |    14 |    16 |    18 |    20 |    40 |    38 |    32 |    49 |    31 ||   258
       Ration            |       |       |       |       |       |       |       |       |     1 ||     1
Armor: Robe              |    25 |       |       |       |       |       |       |       |       ||    25
       Ring mail         |    11 |    32 |    91 |   120 |   275 |    33 |       |       |       ||   562
       Scale mail        |       |       |       |       |       |   141 |    50 |       |       ||   191
       Chain mail        |       |       |       |       |       |     2 |       |       |       ||     2
       Plate armour      |       |       |       |       |       |       |   136 |   199 |       ||   335
       Gold dragon scale |       |       |       |       |       |       |       |   285 |   332 ||   617
Dodge: Dodged            |    62 |    40 |    99 |   219 |   523 |   436 |   365 |   560 |   406 ||  2710
Block: Buckler           |    29 |     7 |       |       |       |       |       |       |       ||    36
       Large shield      |       |    65 |   304 |   373 |       |       |   257 |  1932 |  1288 ||  4219
       Shield            |       |       |       |    46 |   556 |   724 |   509 |       |       ||  1835
       Rpst.: Double sword |       |       |       |    17 |    68 |    15 |    15 |     1 |    20 ||   136
